 Dungeon Crawl Stone Soup version 0.28-a0-1447-ga5a8893891 (webtiles) character file.

Game seed: 9855422981372825432

88 cheechan the Digger (level 4, -1/27 HPs)
             Began as an Octopode Earth Elementalist on Jan 11, 2022.
             Slain by an orc (8 damage)
             ... on level 3 of the Dungeon.
             The game lasted 00:07:06 (2033 turns).

cheechan the Digger (Octopode Earth Elementalist)   Turns: 2033, Time: 00:07:06

Health: -1/27      AC:  1    Str: 13    XL:     4   Next: 53%
Magic:  8/8        EV: 13    Int: 19    God:
Gold:   55         SH:  0    Dex: 12    Spells: 2/8 levels left

rFire   + . .      SeeInvis .   a - staff of fire
rCold   . . .      Faith    .   (no shield)
rNeg    . . .      Spirit   .   (helmet restricted)
rPois   .          Reflect  .   (no amulet)
rElec   .          Harm     .   d - +6 ring of strength
rCorr   .          Rampage  .   (no ring)
Will    .....                   (no ring)
Stlth   +++.......              (no ring)
HPRegen 0.09/turn               (no ring)
MPRegen 0.11/turn               (no ring)
                                (no ring)
                                (no ring)

@: no status effects
A: almost no armour, amphibious, 8 rings, camouflage 1, gelatinous body 1,
(nimble swimmer 1), tentacles
a: no special abilities


You were on level 3 of the Dungeon.
You visited 1 branch of the dungeon, and saw 3 of its levels.

You collected 55 gold pieces.

Inventory:

Missiles
 b - 120 stones
 f - 40 arrows
 g - 4 silver javelins
Magical Staves
 a - a staff of fire (weapon)
Jewellery
 d - a +6 ring of strength (left tentacle)
Potions
 c - a potion of cancellation
 e - a potion of flight


   Skills:
 + Level 0.1 Staves
 + Level 2.3 Dodging
 + Level 3.2 Stealth
 + Level 2.9 Spellcasting
 + Level 1.1 Transmutations
 + Level 4.1 Earth Magic


You had 2 spell levels left.
You knew the following spells:

 Your Spells              Type           Power      Damage    Failure   Level
a - Sandblast             Erth           36%        2d10      2%          1
b - Passwall              Tmut/Erth      10%        N/A       8%          2
c - Stone Arrow           Conj/Erth      20%        3d8       21%         3

Your spell library contained the following spells:

 Spells                   Type           Power      Damage    Failure   Level
 Petrify                  Tmut/Erth      12%        N/A       45%         4


Dungeon Overview and Level Annotations

Branches:
Dungeon (3/15)

Altars:


Innate Abilities, Weirdness & Mutations

You cannot wear most types of armour.
You are amphibious.
You can wear up to eight rings at the same time.
Your skin changes colour to match your surroundings (Stealth+).
Your rubbery body absorbs attacks. (AC +1, EV +1)
((You are camouflaged when in or above water. (Stealth+)))
You have tentacles for arms and can constrict up to eight enemies at once.


Message History

You climb upwards.
There is a stone staircase leading down here.
You're too confused to cast spells.
Sorry, you're not good enough to have a special ability.
You're too confused to move!
The giant cockroach closely misses you. The kobold barely misses you.
The giant cockroach closely misses you.
You miss the giant cockroach.
The giant cockroach is heavily wounded.
You feel less confused. The giant cockroach bites you.
The kobold hits you with a +0 dagger.
You hit the giant cockroach but do no damage.
You grab the giant cockroach. You squeeze the giant cockroach.
You kill the giant cockroach!
The kobold hits you with a +0 dagger.
Casting: Sandblast (safe; 2% risk of failure)
Confirm with . or Enter, or press ? or * to list all spells.
Aiming: Sandblast (safe; 2% risk of failure)
Press: ? - help, Shift-Dir - straight line, f - kobold
Aim: a kobold, wielding a +0 dagger and quivering stones (74% to hit)
The blast of sand hits the kobold!
You kill the kobold!
Unknown command.
b - 120 stones (gained 3)
Things that are here:
a +0 dagger; a kobold corpse
There is a stone staircase leading down, spattered with blood here.
You start resting.
Magic restored.
You start resting.
HP restored.
You can't go up here!
You climb downwards.
The orc hits you with a +0 falchion.
The orc hits you from afar with a +0 trident!
The rat bites you. The orc closely misses you.
The orc hits you with a +0 falchion.
* * * LOW HITPOINT WARNING * * *
The rat bites you.
* * * LOW HITPOINT WARNING * * *
The orc hits you from afar with a +0 trident!
You die...

##...........
............
#...........
#...........
#...........
#o..o.......
#.oool......
#@r!..#
#######


You could see an orc wizard, 4 orcs, a frilled lizard and a rat.

Vanquished Creatures
  A bullfrog skeleton (D:2)
  An adder (D:2)
  3 dart slugs (D:1)
  2 endoplasms
  2 giant cockroaches (D:2)
  3 goblins
  2 hobgoblins
  5 jackals (D:1)
  6 kobolds
  3 quokkas
  6 ball pythons
  2 bats (D:1)
  3 frilled lizards
  5 rats
44 creatures vanquished.

Notes
Turn   | Place    | Note
-------+----------+-------------------------------------------
     0 | D:1      | cheechan the Octopode Earth Elementalist began the quest
                  | for the Orb.
     0 | D:1      | Reached XP level 1. HP: 11/11 MP: 3/3
   125 | D:1      | Reached XP level 2. HP: 17/17 MP: 1/5
   206 | D:1      | Learned a level 2 spell: Passwall
   551 | D:1      | Reached XP level 3. HP: 19/21 MP: 1/6
  1075 | D:2      | Reached XP level 4. HP: 20/27 MP: 3/8
  1080 | D:2      | Learned a level 3 spell: Stone Arrow
  1272 | D:2      | Reached skill level 4 in Earth Magic
  1710 | D:2      | Found a faded altar of an unknown god.
  2033 | D:3      | Slain by an orc

Illustrated notes

Levels and vault maps discovered:
D:1:      dpeg_arrival_renting, layout_basic, minmay_heptomino_o4
D:2:      layout_basic, ebering_ecumenical_altar_abandoned,
          serial_co_window_serial, co_window_paths_a, co_window_paths_b,
          co_window_corner_a, co_window_of_opportunity_a,
          co_window_of_opportunity_a, co_window_paths_b, co_window_paths_c,
          co_window_corner_ca, co_window_2corner, co_window_broadway_b,
          co_window_4corner_a, co_window_paths_d
D:3:      layout_rooms, nicolae_uskayaw_suspiria

Skill      XL: |  1  2  3  4 |
---------------+-------------+-----
Stealth        | 3 |  3.2
Earth Magic    | 4 |  4.1
Staves         | |  0.1
Dodging        | |  2.3
Spellcasting   | |  2.9
Transmutations | |  1.1

Action                   |  1- 3 |  4- 6 || total
-------------------------+-------+-------++-------
Melee: Club              |    13 |       ||    13
       Tentacles         |     1 |     5 ||     6
       Constrict         |     3 |     4 ||     7
       Staff             |     2 |    14 ||    16
 Cast: Sandblast         |    28 |    14 ||    42
       Passwall          |       |     1 ||     1
  Use: Scroll            |     3 |     2 ||     5
Armor: Skin              |     3 |       ||     3
Dodge: Dodged            |    32 |    19 ||    51

Table legend: (Time is in decaauts)
 A = Elapsed time spent in this place.
 B = Non-inter-level travel time spent in this place.
 C = Inter-level travel time spent in this place.
 D = Time resting spent in this place.
 E = Time spent auto-exploring this place.
 F = Levels seen in this place.
 G = Mean time per level.
                   A        B        C        D        E       F      G
               +--------+--------+--------+--------+--------+-----+--------+
         Total |   2039 |   2039 |      0 |     67 |      0 |   3 |  679.7 |
       Dungeon |   2039 |   2039 |      0 |     67 |      0 |   3 |  679.7 |
               +--------+--------+--------+--------+--------+-----+--------+

Top non-repeatable levels by time:
     D:2: 1165 daAuts
     D:1: 868 daAuts
     D:3: 5 daAuts
